 Dungeon Crawl Stone Soup version 0.23-a0-391-g8c51ad5 (webtiles) character file.

25 Garbasso the Vexing (level 2, -5/19 HPs)
             Began as a Vampire Enchanter on Oct 30, 2018.
             Slain by Sigmund
             ... wielding a +0 scythe
              (9 damage)
             ... on level 2 of the Dungeon.
             The game lasted 00:03:40 (2059 turns).

Garbasso the Vexing (Vampire Enchanter)             Turns: 2059, Time: 00:03:41

Health: -5/19      AC:  2    Str:  7    XL:     2   Next: 86%
Magic:  2/5        EV: 12    Int: 17    God:
Gold:   56         SH:  0    Dex: 14    Spells: 2/5 levels left

rFire    . . .     SeeInvis +   a - +1 dagger
rCold    + . .     Gourm    .   (no shield)
rNeg     + + .     Faith    .   b - +0 robe
rPois    +         Spirit   .   (no helmet)
rElec    .         Reflect  .   (no cloak)
rCorr    .         Harm     .   (no gloves)
MR       .....                  (no boots)
Stlth    ++++......             (no amulet)
HPRegen  0.03/turn              (no ring)
MPRegen  0.09/turn              (no ring)

@: regenerating slowly
A: fangs 3, see invisible, unbreathing
a: no special abilities


You were on level 2 of the Dungeon.
You were thirsty.

You visited 1 branch of the dungeon, and saw 2 of its levels.

You collected 56 gold pieces.

Inventory:

Hand Weapons
 a - a +1 dagger (weapon)
Missiles
 g - a throwing net {=f}
Armour
 b - a +0 robe (worn)
Scrolls
 d - a scroll of remove curse {unknown}
 f - a scroll of magic mapping {unknown}
Potions
 c - a potion of heal wounds {unknown}
 e - a potion of curing {unknown}
 q - 5 potions of blood


   Skills:
 + Level 1.8 Short Blades
 - Level 2.1 Dodging
 + Level 4.9 Stealth
 - Level 2.0 Spellcasting
 * Level 5.3 Hexes


You had 2 spell levels left.
You knew the following spells:

 Your Spells              Type           Power        Failure   Level  Hunger
a - Corona                Hex            ###....      2%          1    #......
b - Ensorcelled Hibernat  Hex/Ice        ##....       10%         2    ###....

Your spell library contained the following spells:

 Spells                   Type           Power        Failure   Level  Hunger
 Confuse                  Hex            ###.....     7%          3    ###....
 Tukima's Dance           Hex            ###.....     7%          3    ###....
 Dazzling Spray           Conj/Hex       ##....       21%         3    ###....


Dungeon Overview and Level Annotations

Branches:
Dungeon (2/15)

Altars:

Annotations:
D:2 Sigmund, Terence


Innate Abilities, Weirdness & Mutations

You heal slowly.
You have razor-sharp teeth.
You have supernaturally acute eyesight. (SInv)
You can survive without breathing.


Message History

Casting: Ensorcelled Hibernation (safe; 10% risk of failure)
Confirm with . or Enter, or press ? or * to list all spells.
You don't have enough magic to cast that spell.
Sigmund breathes a few words.
Sigmund's hands start flickering wildly.
Terence the Incautious comes into view.
He is wielding a +2 flail of crushing.
Sigmund casts a spell at you.
You are confused.
Sigmund casts a spell at you. The puff of flame hits you!
There is an open door here.
You bump into the rock wall.
Sigmund barely misses you. Sigmund hits you with a +0 scythe!
* * * LOW HITPOINT WARNING * * *
There is an open door here.
You miss Sigmund.
You feel less confused. Sigmund looks at you with fury.
Sigmund hits you with a +0 scythe!
You die...

..# #.#### .>#.
#....#
....###+####.#
..........##.#
..........##.#
.S........##.#
..........##.####
..........##....#
......@@@.#####.#
#+###+#'#######.#
#.........#
###########


You could see Sigmund, Terence and an adder (wandering).

Vanquished Creatures
  2 dart slugs (D:1)
  2 bats (D:1)
  A giant cockroach (D:1)
  4 goblins (D:1)
  6 hobgoblins (D:1)
  2 frilled lizards (D:1)
  A rat (D:1)
18 creatures vanquished.

Notes
Turn   | Place    | Note
-------+----------+-------------------------------------------
     0 | D:1      | Garbasso the Vampire Enchanter began the quest for the Orb.
     0 | D:1      | Reached XP level 1. HP: 13/13 MP: 3/3
   505 | D:1      | Reached XP level 2. HP: 13/19 MP: 5/5
   509 | D:1      | Learned a level 2 spell: Ensorcelled Hibernation
   651 | D:1      | Reached skill level 5 in Hexes
  2044 | D:2      | Noticed Sigmund
  2052 | D:2      | Noticed Terence
  2059 | D:2      | Slain by Sigmund

Vault maps used:
D:1:      sevenhm_arrival_forest_fort_small_6
D:2:      nicolae_qazlal_style_of_elements, uniq_sigmund, uniq_terence

Skill      XL: |  1  2 |
---------------+-------+-----
Hexes          | 5 |  5.3
Short Blades   | |  1.8
Dodging        | |  2.1
Stealth        | |  4.9
Spellcasting   | |  2.0

Action                   || total
-------------------------++-------
Melee: Dagger            ||    72
       Bite              ||     4
 Cast: Ensorcelled Hiber ||    11
       Corona            ||     1
  Use: Potion            ||     1
 Stab: Sleeping          ||     6
  Eat: Corpse            ||     2
Armor: Robe              ||    22
Dodge: Dodged            ||    64

Table legend:
 A = Non-vault XP
 B = Vault XP
 C = Vault XP percentage of total XP
 D = Non-vault monster count
 E = Vault monster count
 F = Vault count percentage of total count
                 A         B        C        D         E       F
            +---------+---------+-------+---------+---------+-------
      Total |      37 |       0 |   0.0 |      18 |       0 |   0.0
            +---------+---------+-------+---------+---------+-------
        D:1 |      37 |       0 |   0.0 |      18 |       0 |   0.0
            +---------+---------+-------+---------+---------+-------
